 Dungeon Crawl Stone Soup version 0.29.1-15-g9cfb28693d (webtiles) character file.

Game seed: 10313385751704133909

13 Thatpatchoflichen the Slasher (level 2, -5/24 HPs)
             Began as a Human Monk on Mar 5, 2023.
             Slain by a gnoll
             ... wielding a +0 whip
              (9 damage)
             ... on level 1 of the Dungeon.
             The game lasted 00:01:00 (778 turns).

Thatpatchoflichen the Slasher (Human Monk)           Turns: 778, Time: 00:01:01

Health: -5/24      AC:  2    Str: 11    XL:     2   Next: 50%
Magic:  2/2        EV: 13    Int: 10    God:
Gold:   27         SH:  0    Dex: 15    Spells: 1/1 levels left

rFire   . . .      SeeInvis .   a - +0 falchion
rCold   . . .      Faith    .   (no shield)
rNeg    . . .      Spirit   .   b - +0 robe
rPois   .          Reflect  .   (no helmet)
rElec   .          Harm     .   (no cloak)
rCorr   .          Rampage  .   (no gloves)
Will    .....                   (no boots)
Stlth   ++........              (no amulet)
HPRegen 0.08/turn               (no ring)
MPRegen 0.08/turn               (no ring)

@: no status effects
A: no striking features
a: no special abilities


You were on level 1 of the Dungeon.
You visited 1 branch of the dungeon, and saw 1 of its levels.

You collected 27 gold pieces.

Inventory:

Hand Weapons
 a - a +0 falchion (weapon)
Missiles
 f - 2 curare-tipped darts (quivered)
Armour
 b - a +0 robe (worn)
Scrolls
 d - a scroll of fog {unknown}
 e - a scroll of amnesia {unknown}
Potions
 c - a potion of ambrosia


   Skills:
 + Level 3.3 Fighting
 + Level 3.3 Long Blades
 - Level 3.0 Dodging
 - Level 2.0 Stealth


You had one spell level left.
You didn't know any spells.
Your spell library was empty.

Dungeon Overview and Level Annotations

Branches:
Dungeon (1/15)

Altars:


Message History

You slash the rat!
You kill the rat!
You see here a rat corpse.
A gnoll comes into view. It is wielding a +0 whip.
A giant cockroach comes into view.
There are monsters nearby!
Found a viscous clear potion.
You hit the plant.
The plant begins to die.
The plant is lightly damaged.
You completely miss the plant.
The plant is lightly damaged.
The gnoll shouts!
A nearby plant withers and dies.
You closely miss the giant cockroach. The giant cockroach barely misses you.
You closely miss the giant cockroach. The giant cockroach bites you.
The giant cockroach bites you but does no damage.
You barely miss the giant cockroach. The giant cockroach barely misses you.
You hit the giant cockroach.
The giant cockroach is almost dead.
The gnoll barely misses you. The giant cockroach misses you.
The gnoll hits you with a +0 whip.
You closely miss the giant cockroach.
The giant cockroach is almost dead.
The giant cockroach bites you. The gnoll hits you with a +0 whip.
The giant cockroach bites you.
You closely miss the giant cockroach.
The giant cockroach is almost dead.
The giant cockroach bites you but does no damage.
The gnoll hits you with a +0 whip!
* * * LOW HITPOINT WARNING * * *
You closely miss the giant cockroach.
The giant cockroach is almost dead.
The giant cockroach bites you.
* * * LOW HITPOINT WARNING * * *
The gnoll barely misses you. The giant cockroach barely misses you.
The giant cockroach attacks as you move away!
The giant cockroach misses you. The gnoll attacks as you move away!
The gnoll closely misses you. The gnoll hits you with a +0 whip!
You die...

#.# #. ###.### #.#
#.#........ #.#
##...PPPP... #.####
...P...PPP. #....# #
#........P. ####.#
#!#..P.P...P. #.#
#....PPP...P.
#.###########g.P...PP.
#.......†...@..PPP....
##############.......#
#########


You could see a gnoll.

Vanquished Creatures
  2 endoplasms (D:1)
  A giant cockroach (D:1)
  2 goblins (D:1)
  A bat (D:1)
  2 kobolds (D:1)
  5 rats (D:1)
13 creatures vanquished.

Vanquished Creatures (others)
  A plant (D:1)
1 creature vanquished.

Grand Total: 14 creatures vanquished

Notes
Turn   | Place    | Note
-------+----------+-------------------------------------------
     0 | D:1      | Thatpatchoflichen the Human Monk began the quest for the
                  | Orb.
     0 | D:1      | Reached XP level 1. HP: 18/18 MP: 1/1
   365 | D:1      | Reached XP level 2. HP: 24/24 MP: 2/2
   778 | D:1      | Slain by a gnoll

Illustrated notes

Levels and vault maps discovered:
D:1:      dpeg_arrival_chambers_temple_mockup, layout_basic,
          nicolae_grassy_gnolls

Action                   || total
-------------------------++-------
Melee: Falchion          ||    38
 Stab: Sleeping          ||     5
Armor: Robe              ||    11
Dodge: Dodged            ||    22
